 Dungeon Crawl Stone Soup version 0.28-a0-1080-g05a166d0ed (webtiles) character file.

Game seed: 10258380485293225719

519 enile the Chopper (level 7, 0/61 HPs)
             Began as a Hill Orc Cinder Acolyte on Dec 10, 2021.
             Was a Believer of Ignis.
             Slain by a scorpion zombie (5 damage)
             ... on level 4 of the Dungeon.
             The game lasted 00:09:43 (5422 turns).

enile the Chopper (Hill Orc Cinder Acolyte)         Turns: 5422, Time: 00:09:44

Health: 0/61       AC:  4    Str: 19    XL:     7   Next: 21%
Magic:  10/10      EV: 11    Int: 14    God:    Ignis [**....]
Gold:   144        SH:  0    Dex:  6    Spells: 6/10 levels left

rFire   + . .      SeeInvis .   a - -1 hand axe (flame)
rCold   . . .      Faith    .   (no shield)
rNeg    . . .      Spirit   .   q - +0 leather armour {Will+}
rPois   .          Reflect  .   (no helmet)
rElec   .          Harm     .   g - +0 cloak
rCorr   .          Rampage  .   (no gloves)
Will    +....                   (no boots)
Stlth   +.........              (no amulet)
HPRegen 0.20/turn               (no ring)
MPRegen 0.12/turn               (no ring)

@: no status effects
A: no striking features
a: Renounce Religion, Fiery Armour, Foxfire Swarm, Rising Flame


You were on level 4 of the Dungeon.
You worshipped Ignis.
Ignis was pleased with you.
You visited 1 branch of the dungeon, and saw 4 of its levels.

You collected 144 gold pieces.

Inventory:

Hand Weapons
 a - a -1 hand axe of flaming (weapon)
 l - a +2 dagger of freezing
 m - a +3 trident of protection
 p - a +4 rapier of speed
Missiles
 o - 3 curare-tipped darts (quivered)
Armour
 b - a +0 robe
 g - a +0 cloak (worn)
 j - a +0 scale mail
 q - a +0 leather armour of willpower (worn)
Scrolls
 d - 2 scrolls of teleportation
 h - a scroll of amnesia {unknown}
 k - a scroll of identify
 n - a scroll of immolation {unknown}
Potions
 c - 2 potions of curing
 e - a potion of haste {unknown}
 f - a potion of attraction {unknown}
 i - a potion of invisibility {unknown}
 r - a potion of magic {unknown}


   Skills:
 - Level 5.0 Fighting
 - Level 6.0 Axes
 + Level 1.6 Throwing
 - Level 4.0 Armour
 - Level 1.0 Stealth
 - Level 2.0 Spellcasting
 - Level 1.0 Transmutations
 - Level 4.0 Fire Magic


You had 6 spell levels left.
You knew the following spells:

 Your Spells              Type           Power      Damage    Failure   Level
a - Scorch                Fire           24%        2d6       8%          2
b - Wereblood             Tmut           4%         N/A       26%         2

Your spell library contained the following spells:

 Spells                   Type           Power      Damage    Failure   Level
 Beastly Appendage        Tmut           8%         N/A       19%         1
 Spider Form              Tmut/Pois      2%         N/A       54%         3


Dungeon Overview and Level Annotations

Branches:
Dungeon (4/15)
 Temple: D:4-7

Altars:


Message History

The bullfrog hits you but does no damage.
The bullfrog hits you.
You hit the scorpion zombie. You burn the scorpion zombie.
The scorpion zombie is moderately damaged.
You closely miss the bullfrog.
The bullfrog hits you but does no damage.
The scorpion zombie splashes around in the water.
Press: ? - help, v - describe, . - travel The floor.
You hit the scorpion zombie. You burn the scorpion zombie.
The scorpion zombie is moderately damaged.
You hit the bullfrog. You burn the bullfrog. The bullfrog barely misses you.
The scorpion zombie misses you. The bullfrog completely misses you.
You hit the scorpion zombie. You burn the scorpion zombie.
The scorpion zombie is heavily damaged.
You hit the bullfrog. You burn the bullfrog. The bullfrog hits you.
The scorpion zombie closely misses you.
You hit the scorpion zombie but do no damage.
The scorpion zombie is heavily damaged.
You barely miss the bullfrog. The bullfrog closely misses you.
The scorpion zombie hits you but does no damage.
The bullfrog barely misses you.
You hit the scorpion zombie but do no damage.
The scorpion zombie is heavily damaged.
You closely miss the bullfrog. The bullfrog closely misses you.
The scorpion zombie splashes around in the water.
You hit the scorpion zombie but do no damage.
The scorpion zombie is heavily damaged.
You hit the bullfrog. You burn the bullfrog. The bullfrog hits you!
* * * LOW HITPOINT WARNING * * *
The scorpion zombie hits you!
* * * LOW HITPOINT WARNING * * *
The bullfrog hits you.
* * * LOW HITPOINT WARNING * * *
Activating: Foxfire Swarm
Press: ? - help, Dir - look around, f - activate Flames leap up around you!
The bullfrog hits you but does no damage.
The scorpion zombie hits you.
You die... ♣≈≈≈≈♣...#### .♣≈≈≈≈≈...# .≈P≈≈≈≈...♣## .≈≈≈≈≈....≈≈# #♣≈≈≈≈≈≈..≈≈P♣ ♣≈≈≈≈≈≈≈...P≈♣ ♣PP≈≈PPvvvv≈≈♣ ... ♣≈P≈≈≈vvvvv≈♣♣ ... ♣P≈≈≈Pvv@vv≈♣♣ .≈.. ♣PP≈PPvZFvP≈P♣

≈.≈≈.##♣P≈P≈≈vvvvP≈≈♣
≈≈≈≈.#.#♣♣♣≈P≈≈..≈P♣♣
.≈≈.......#♣≈.≈.≈P♣≈#
≈≈≈≈......##≈P..≈♣♣##
#..####...≈♣
..###..#......♣♣
...........#...#


You could see a bullfrog (ally target) and a scorpion zombie (ally target).

Vanquished Creatures
  Eustachio (D:4)
  An ogre (D:4)
  A water moccasin zombie (D:4)
  A centaur zombie (D:4)
  Terence (D:3)
  Jessica (D:3)
  A hound skeleton (D:4)
  A howler monkey zombie (D:4)
  5 adders
  2 adder zombies (D:4)
  A worm (D:1)
  A dart slug (D:1)
  5 orcs
  9 ball pythons
  3 bats
  9 endoplasms
  3 giant cockroaches (D:1)
  2 goblins
  8 hobgoblins
  8 jackals
  2 kobolds
  4 quokkas
  5 frilled lizards
  A jackal skeleton (D:4)
  6 rats (D:1)
82 creatures vanquished.

Vanquished Creatures (others)
  24 foxfires (D:4)
  6 fungi (D:3)
  6 plants (D:3)
36 creatures vanquished.

Grand Total: 118 creatures vanquished

Notes
Turn   | Place    | Note
-------+----------+-------------------------------------------
     0 | D:1      | enile the Hill Orc Cinder Acolyte began the quest for the
                  | Orb.
     0 | D:1      | Reached XP level 1. HP: 19/19 MP: 2/2
   276 | D:1      | Reached XP level 2. HP: 25/27 MP: 3/3
   560 | D:1      | Reached skill level 5 in Axes
   776 | D:1      | Reached XP level 3. HP: 33/33 MP: 4/4
   796 | D:1      | Learned a level 2 spell: Scorch
   808 | D:1      | Reached skill level 1 in Armour
  1722 | D:2      | Reached XP level 4. HP: 17/40 MP: 6/6
  2263 | D:2      | Learned a level 2 spell: Wereblood
  2923 | D:3      | Found a faded altar of an unknown god.
  3356 | D:3      | Reached skill level 1 in Transmutations
  3724 | D:3      | Noticed Terence
  3742 | D:3      | Killed Terence
  3743 | D:3      | Reached skill level 1 in Throwing
  3743 | D:3      | Reached XP level 5. HP: 22/46 MP: 4/8
  4075 | D:3      | Noticed Jessica
  4082 | D:3      | Killed Jessica
  4418 | D:4      | Noticed an ogre
  4437 | D:4      | Killed an ogre
  4438 | D:4      | Reached skill level 5 in Fighting
  4438 | D:4      | Reached XP level 6. HP: 56/56 MP: 9/9
  4494 | D:4      | Noticed Eustachio
  4781 | D:4      | Killed Eustachio
  4782 | D:4      | Reached skill level 6 in Axes
  5113 | D:4      | Reached skill level 1 in Stealth
  5124 | D:4      | Reached XP level 7. HP: 45/61 MP: 0/10
  5422 | D:4      | Slain by a scorpion zombie

Illustrated notes

Levels and vault maps discovered:
D:1:      onia_arrival_mini_maze_b, layout_basic
D:2:      layout_loops_ring
D:3:      layout_loops_ring, serial_co_window_serial, co_window_paths_a,
          co_window_corner_a, co_window_paths_b, co_window_cross_1,
          co_window_paths_a, co_window_of_opportunity_c,
          co_window_unsneaky_path_e, co_window_corner_b,
          co_window_unsneaky_path_d, co_window_of_opportunity_b,
          co_window_4corner_b, co_window_paths_e,
          shapermc_ecumenical_altar_mp_urbaneastern, uniq_jessica, uniq_terence
D:4:      layout_gridville, serial_undead, serial_undead_e, serial_undead_a,
          serial_undead_f, serial_undead_a, serial_bayou_ford_a, uniq_eustachio

Skill      XL: |  1  2  3  4  5  6 |
---------------+-------------------+-----
Fighting       | 4 5 |  5.0
Axes           | 5 6 |  6.0
Armour         | 1 3 4 |  4.0
Spellcasting   | 2 |  2.0
Transmutations | 1 |  1.0
Throwing       | 1 |  1.6
Stealth        | 1 |  1.0
Fire Magic     | 4 |  4.0

Action                   |  1- 3 |  4- 6 |  7- 9 || total
-------------------------+-------+-------+-------++-------
Melee: Hand axe          |    98 |   130 |    37 ||   265
Throw: Dart              |       |    10 |       ||    10
 Cast: Scorch            |    10 |    10 |       ||    20
       Wereblood         |       |     3 |       ||     3
Invok: Fiery Armour      |     1 |     2 |       ||     3
       Foxfire Swarm     |       |     2 |     1 ||     3
  Use: Scroll            |       |     2 |       ||     2
Armor: Robe              |    18 |    21 |       ||    39
       Scale mail        |       |    29 |       ||    29
       Leather armour    |       |     9 |    18 ||    27
Dodge: Dodged            |    66 |    99 |    32 ||   197

Table legend: (Time is in decaauts)
 A = Elapsed time spent in this place.
 B = Non-inter-level travel time spent in this place.
 C = Inter-level travel time spent in this place.
 D = Time resting spent in this place.
 E = Time spent auto-exploring this place.
 F = Levels seen in this place.
 G = Mean time per level.
                   A        B        C        D        E       F      G
               +--------+--------+--------+--------+--------+-----+--------+
         Total |   5433 |   5245 |    188 |    429 |   4129 |   4 | 1358.2 |
       Dungeon |   5433 |   5245 |    188 |    429 |   4129 |   4 | 1358.2 |
               +--------+--------+--------+--------+--------+-----+--------+

Top non-repeatable levels by time:
     D:3: 1647 daAuts
     D:1: 1464 daAuts
     D:2: 1259 daAuts
     D:4: 1062 daAuts
